 Dungeon Crawl Stone Soup version 0.29.0-4-gdea44cf6ec (webtiles) character file.

Game seed: 10998491938419875913

113693 qw the Warrior (level 16, -26/159 HPs)
             Began as a Minotaur Berserker on Sept 5, 2022.
             Was a Priest of Trog.
             Killed by the raging water
             ... invoked by a water nymph
              (28 damage)
             ... on level 2 of the Shoals.
             The game lasted 00:09:38 (29926 turns).

qw the Warrior (Minotaur Berserker)                Turns: 29926, Time: 00:09:39

Health: -26/159    AC: 28    Str: 28    XL:     16   Next: 14%
Magic:  15/15      EV: 17    Int:  4    God:    Trog [***...]
Gold:   106        SH:  9    Dex: 16    Spells: 15/15 levels left

rFire   . . .      SeeInvis .   g - +0 broad axe (vorpal)
rCold   + + .      Faith    .   m - +2 buckler
rNeg    . . .      Spirit   .   w - +1 plate armour {rC+}
rPois   +          Reflect  .   l - +1 hat
rElec   .          Harm     .   b - +0 cloak {rPois}
rCorr   .          Rampage  .   y - +1 pair of gloves
Will    ++++.                   c - +2 pair of boots
Stlth   ..........              A - amulet of Ipsoppom {RegenMP rC+ Will+ Dex+4}
HPRegen 1.36/turn               k - +4 ring of evasion
MPRegen 0.54/turn               i - +4 ring of slaying {mikee}

@: about to teleport, strong-willed (expiring), spiked, on berserk cooldown,
regenerating (expiring), slowed, very slow
A: horns 2, retaliatory headbutt
a: Renounce Religion, Berserk, Trog's Hand


You were on level 2 of the Shoals.
You worshipped Trog.
Trog was most pleased with you.
You visited 4 branches of the dungeon, and saw 24 of its levels.

You collected 2535 gold pieces.
You spent 2429 gold pieces at shops.


Innate Abilities, Weirdness & Mutations

You have a pair of horns on your head.
You reflexively headbutt those who attack you in melee.


   Skills:
 + Level 18.8 Fighting
 - Level 18.0 Axes
 - Level 7.0 Throwing
 - Level 17.0 Armour
 - Level 10.0 Dodging
 - Level 11.0 Shields


You had 15 spell levels left.
You didn't know any spells.
Your spell library was empty.

Inventory:

Hand Weapons
 g - a +0 vorpal broad axe (weapon)
 q - the +9 morningstar of Flawed Execution {flame, rN+}
   (You found it on level 12 of the Dungeon)

   It burns those it strikes, dealing additional fire damage.
   rN:        It protects you from negative energy.
Missiles
 r - 6 boomerangs (quivered)
Armour
 b - a +0 cloak of poison resistance (worn)
 c - a +2 pair of boots (worn)
 l - a +1 hat (worn)
 m - a +2 buckler (worn)
 s - a +1 plate armour of poison resistance
 u - a +4 chain mail of fire resistance
 w - a +1 plate armour of cold resistance (worn)
 x - the +4 chain mail "Timat" {rPois rC- Str-3 Dex+8}
   (You bought it in a shop on level 2 of the Orcish Mines)

   Str:       It affects your strength (-3).
   Dex:       It affects your dexterity (+8).
   rC:        It makes you vulnerable to cold.
   rPois:     It protects you from poison.
 y - a +1 pair of gloves (worn)
Jewellery
 h - a ring of protection from fire
 i - a +4 ring of slaying (right hand) {mikee}
 k - a +4 ring of evasion (left hand)
 t - an amulet of guardian spirit
 A - the amulet of Ipsoppom (around neck) {RegenMP rC+ Will+ Dex+4}
   (You found it on level 5 of the Lair of Beasts)

   [amulet of magic regeneration]

   It increases your rate of magic regeneration.
   Dex:       It affects your dexterity (+4).
   rC:        It protects you from cold.
   Will:      It increases your willpower.
Scrolls
 j - 11 scrolls of teleportation
 o - 13 scrolls of identify
Potions
 a - 5 potions of might
 f - 3 potions of mutation
 n - 12 potions of curing
 p - 4 potions of haste
 v - a potion of resistance

Dungeon Overview and Level Annotations

Branches:
Dungeon (15/15)            Temple (0/1) D:4            Lair (5/5) D:9
 Shoals (2/4) Lair:3        Snake (0/4) Lair:2        Slime (0/5) Lair:5
    Orc (2/2) D:9             Elf (0/3) Orc:2        Vaults (0/5) D:13
 Depths (0/4) D:15

Altars:
Cheibriados
Dithmenos
Elyvilon
Gozag
Kikubaaqudgha
Makhleb
Nemelex Xobeh
Qazlal
Sif Muna
Trog
Uskayaw
Vehumet
Xom
The Shining One

Shops:
D:2 *   D:3 =   D:5 ?   D:8 :   D:12 [   D:15 [   Orc:2 (:[!   Shoals:1 ?*

Portals:
Trove: D:12 (give 7 scrolls of fog)

Annotations:
D:7 1 runed translucent door, Crazy Yiuf
Lair:5 1 runed translucent door
Shoals:2 Ilsuiw, Kirke, Louise


Message History

You headbutt the sea snake. You block the sea snake's attack.
The merfolk barely misses you.
29925 ||| Stepping ~*~*~tactically~*~*~ (water).
Your surroundings suddenly seem different.
Splash!
You fall into the shallow water.
Moving in this stuff is going to be slow.
A manticore and a water nymph come into view.
You feel the effects of Trog's Hand fading.
The snapping turtle hisses angrily.
The merfolk impaler shouts!
The merfolk shouts!
The water nymph shouts!
You hear an angry hiss.
You hear a shout!
The merfolk javelineer throws a silver javelin.
The silver javelin pierces through you but does no damage.
The water nymph points at you and mumbles some strange words.
The water swirls and strikes you!!
The manticore flicks its tail.
The volley of spikes hits you.
The barbed spikes become lodged in your body.
A sea snake comes into view.
The merfolk throws a silver boomerang.
You block the silver boomerang.
The merfolk javelineer throws a silver javelin.
The silver javelin pierces through you but does no damage.
The merfolk javelineer throws a silver javelin.
The silver javelin closely misses you.
The manticore flicks its tail.
The volley of spikes misses you.
Enter note:
29926 ||| READING 12 scrolls of teleportation.
As you read the scroll of teleportation, it crumbles to dust.
You feel strangely unstable.
The merfolk shouts!
You hear a shout!
The sea snake closely misses you.
The merfolk javelineer throws a silver javelin.
The silver javelin pierces through you.
The silver javelin barely misses the merfolk impaler.
The silver javelin pierces through the merfolk!!
The water nymph casts a spell at you. The water swirls and strikes you!!
You die...

~~~~~~~~~~~~~~~
~~~~~~~~~~~~~~~
~~~~~~~~~~~~~~~
~~~~~~~~~~~~m~~
~~~~~~~~~~~~~~m
~~~~~~~~~~~~m~~
~~~~~~~~S~~~~~~
~~~m~~~@~mm~~~~
~~~~~~~~~~~~~~~
~~~~~~~~~~~~~~~
~~~~~~~~~~~t~H~~~~~~~
~~~~~~~~~~.=~~~~~~~~~
~~~~~~~~~~~~~~....~~~~~~
~~~##~~~~~~~~.#.........
~~~~~#~~~~.~~##.........
.~~~~~~~~~~~~.#...####.#


You could see a merfolk impaler, a merfolk javelineer, a sea snake, a snapping
turtle, 3 merfolk, a manticore and a water nymph.

Vanquished Creatures
  Mlioglotl (Shoals:1)
  Rupert (D:13)
  Jorgrun (Shoals:2)
  A kraken (Shoals:1)
  Gastronok (D:8)
  A quicksilver ooze (shapeshifter) (D:15)
  Snorg (Lair:4)
  A merfolk impaler (Shoals:1)
  4 vault guards (D:13)
  6 hydras
  Josephine (Lair:4)
  A merfolk aquamancer (Shoals:2)
  4 centaur warriors
  2 ogre magi (Orc:2)
  3 catoblepae (Lair:5)
  7 boulder beetles
  A satyr (Shoals:2)
  10 two-headed ogres
  A tengu warrior (D:15)
  10 death yaks
  Sonja (D:12)
  Nergalle (Orc:2)
  A deep elf knight (D:12)
  5 sea snakes (Shoals:1)
  Pikel (D:7)
  3 lindwurms (Lair:5)
  2 deep elf pyromancers
  An obsidian statue (D:10)
  5 orc knights
  10 ugly things
  A wolf spider (Lair:3)
  A salamander (D:15)
  8 orc sorcerers
  8 cyclopes
  An oklob plant (Lair:3)
  11 manticores
  5 fauns
  2 merfolk sirens
  2 black mambas (Lair:5)
  3 water nymphs (Shoals:1)
  6 torpor snails
  A guardian serpent (shapeshifter) (D:12)
  9 elephants
  3 gargoyles
  3 unseen horrors
  7 cane toads
  An efreet (D:14)
  3 rime drakes (Lair:5)
  12 komodo dragons
  2 kobold demonologists
  2 tengu conjurers (D:15)
  4 merfolk
  2 meliai (Shoals:2)
  6 hornets (Lair:5)
  2 polar bears (Lair:5)
  2 slime creatures (D:15)
  3 trolls (D:12)
  A polar bear (shapeshifter) (D:13)
  3 tyrant leeches (Lair:5)
  Prince Ribbit (D:8)
  9 blink frogs
  2 dream sheep (Lair:5)
  A centaur simulacrum (D:12)
  A jumping spider (shapeshifter) (D:12)
  2 snapping turtles
  5 water elementals
  2 shadows
  3 hogs (Shoals:2)
  47 yaks
  6 vampires
  7 wraiths
  6 basilisks
  A wyvern (Lair:5)
  A fire elemental (D:13)
  Edmund (D:5)
  5 vampire mosquitoes (D:12)
  3 wargs (Orc:2)
  12 water moccasins
  Duvessa (D:7)
  20 orc warriors
  A sky beast (D:7)
  9 ogres
  A black bear (Lair:2)
  14 wolves
  An ice beast (D:7)
  4 centaurs
  2 lemures (D:7)
  3 phantoms
  2 kobold brigands (D:9)
  5 bullfrogs
  3 scorpions (D:6)
  8 wights
  Dowan (D:7)
  4 killer bees (D:8)
  2 electric eels
  4 howler monkeys
  3 lava snakes (D:13)
  4 hounds
  11 orc priests
  A gnoll bouda (D:6)
  2 iguanas
  39 orc wizards
  4 gnolls (D:6)
  8 adders
  A white imp (D:5)
  3 ufetubi
  A worm (D:4)
  69 orcs
  12 endoplasms
  3 giant cockroaches
  12 goblins
  8 hobgoblins
  4 quokkas
  7 ball pythons
  7 bats
  3 frilled lizards
  15 kobolds
  7 rats
  4 tentacles (Shoals:1)
630 creatures vanquished.

Vanquished Creatures (collateral kills)
  3 death yaks (Lair:5)
  2 ugly things (D:15)
  A manticore (Lair:5)
  2 elephants (Lair:5)
  A rime drake (Lair:5)
  A basilisk (Lair:5)
  An orc wizard (Orc:2)
11 creatures vanquished.

Vanquished Creatures (others)
  A wizard (D:14)
  4 bushes (Lair:5)
  15 fungi
  74 plants
  4 tentacles (Shoals:1)
98 creatures vanquished.

Grand Total: 739 creatures vanquished

Notes
Turn   | Place    | Note
-------+----------+-------------------------------------------
     0 | D:1      | qw the Minotaur Berserker began the quest for the Orb.
     0 | D:1      | Reached XP level 1. HP: 19/19 MP: 0/0
     0 | D:1      | 0 ||| qw: Version: 0.1-a-104-g96f76f8
     0 | D:1      | 0 ||| qw: Game counter: 6008
     0 | D:1      | 0 ||| qw: Always use a shield: true
     0 | D:1      | 0 ||| qw: Do Orc after D:15 true
     0 | D:1      | 0 ||| qw: Do second Lair branch before Depths: true
     0 | D:1      | 0 ||| qw: Lair rune preference: random
     0 | D:1      | 0 ||| qw: Plans: Normal
     0 | D:1      | 0 ||| PLANNING D:1-11
   211 | D:1      | Reached XP level 2. HP: 24/26 MP: 1/1
   285 | D:1      | 285 ||| DROPPING +0 club.
   477 | D:1      | 477 ||| Stepping ~*~*~tactically~*~*~ (stealth).
   478 | D:1      | 478 ||| Stepping ~*~*~tactically~*~*~ (stealth).
  1006 | D:1      | Reached XP level 3. HP: 20/31 MP: 2/2
  1116 | D:1      | 1116 ||| UPGRADING to +0 ring mail.
  1126 | D:1      | 1126 ||| DROPPING +0 animal skin.
  1127 | D:1      | 1127 ||| UPGRADING to +4 ring of evasion.
  1128 | D:1      | 1128 ||| READING scroll labelled IMEME MEDAILUUS.
  1129 | D:1      | 1129 ||| READING scroll labelled TIHA XUSHOL.
  1130 | D:1      | 1130 ||| READING scroll labelled QIYN TUMERYJ.
  1134 | D:1      | 1134 ||| READING scroll labelled ZICANU TAOFAWN.
  1177 | D:2      | Reached ** piety under Trog
  1190 | D:2      | 1190 ||| Stepping ~*~*~tactically~*~*~ (stealth).
  1262 | D:2      | Reached skill level 1 in Throwing
  1546 | D:2      | Found Zoydeula's Assorted Antiques.
  1551 | D:2      | 1551 ||| SHOPLISTING crude ring mail (243 gold, have 65).
  1551 | D:2      | 1551 ||| SHOPLISTING pitted copper amulet (135 gold, have
                  | 65).
  1551 | D:2      | 1551 ||| BUYING scroll labelled KANEFU MIPNELE (27 gold).
  1551 | D:2      | Bought a scroll labelled KANEFU MIPNELE for 27 gold pieces
  1551 | D:2      | 1551 ||| BUYING scroll labelled KANEFU MIPNELE (27 gold).
  1551 | D:2      | Bought a scroll labelled KANEFU MIPNELE for 27 gold pieces
  1551 | D:2      | 1551 ||| SHOPLISTING scroll labelled LIEMAI KAETA (27 gold,
                  | have 11).
  1551 | D:2      | 1551 ||| SHOPLISTING viscous green potion (24 gold, have
                  | 11).
  1594 | D:2      | Reached XP level 4. HP: 39/39 MP: 3/3
  1748 | D:2      | 1748 ||| UPGRADING to +4 ring of slaying {mikee}.
  1749 | D:2      | 1749 ||| READING scroll labelled WOUMYR RUPOOM.
  1750 | D:2      | 1750 ||| READING 2 scrolls labelled KANEFU MIPNELE.
  1751 | D:2      | 1751 ||| DROPPING scroll of immolation.
  1811 | D:3      | 1811 ||| INVOKING Berserk.
  1814 | D:3      | Reached skill level 6 in Axes
  1866 | D:3      | 1866 ||| FLEEEEING.
  1867 | D:3      | 1867 ||| FLEEEEING.
  1868 | D:3      | 1868 ||| FLEEEEING.
  1869 | D:3      | 1869 ||| FLEEEEING.
  1878 | D:3      | 1878 ||| STAIRDANCE
  1939 | D:3      | Found Uhuxty's Jewellery Shop.
  1960 | D:3      | 1960 ||| SWAPPING to +0 war axe.
  1961 | D:3      | 1961 ||| DROPPING +0 hand axe.
  2019 | D:3      | 2019 ||| SHOPLISTING amulet of reflection (390 gold, have
                  | 28).
  2019 | D:3      | 2019 ||| SHOPLISTING amulet of regeneration (390 gold, have
                  | 28).
  2019 | D:3      | 2019 ||| SHOPLISTING ring of Madghut {Will+ rCorr Str+6
                  | Int+3} (786 gold, have 28).
  2114 | D:3      | Reached XP level 5. HP: 45/45 MP: 4/4
  2183 | D:3      | Found a snail-covered altar of Cheibriados.
  2220 | D:3      | Found a sparkling altar of Nemelex Xobeh.
  2540 | D:3      | 2540 ||| UPGRADING to +0 chain mail.
  2550 | D:3      | 2550 ||| DROPPING +0 ring mail.
  2551 | D:3      | 2551 ||| UPGRADING to +1 chain mail of cold resistance.
  2561 | D:3      | 2561 ||| DROPPING +0 chain mail.
  2562 | D:3      | 2562 ||| UPGRADING to amulet of guardian spirit.
  2567 | D:3      | 2567 ||| READING 2 scrolls labelled IDOEMI DUESEF.
  2568 | D:3      | 2568 ||| READING scroll labelled WOOXZIMIUS.
  2569 | D:3      | 2569 ||| DROPPING scroll of fear.
  2585 | D:4      | 2585 ||| STAIRDANCE
  2590 | D:3      | Reached *** piety under Trog
  2667 | D:4      | Found a staircase to the Ecumenical Temple.
  2729 | D:4      | You fall into a shaft and drop 2 floors!
  2763 | D:6      | 2763 ||| DRINKING 3 glowing amethyst potions.
  2764 | D:6      | 2764 ||| DROPPING 2 potions of degeneration.
  2773 | D:5      | Entered Level 5 of the Dungeon
  2919 | D:4      | 2919 ||| Stepping ~*~*~tactically~*~*~ (hiding).
  3123 | D:4      | 3123 ||| Stepping ~*~*~tactically~*~*~ (hiding).
  3124 | D:4      | 3124 ||| Stepping ~*~*~tactically~*~*~ (hiding).
  3201 | D:4      | 3201 ||| Stepping ~*~*~tactically~*~*~ (stealth).
  3269 | D:4      | Reached XP level 6. HP: 53/53 MP: 5/5
  3309 | D:4      | 3309 ||| INVOKING Berserk.
  3365 | D:4      | 3365 ||| DROPPING +0 whip.
  3432 | D:4      | Found a white marble altar of Elyvilon.
  3436 | D:4      | Found a shimmering blue altar of Sif Muna.
  3436 | D:4      | Found a hide-covered altar of Uskayaw.
  3436 | D:4      | Found a shimmering altar of Xom.
  3436 | D:4      | Found a stormy altar of Qazlal.
  3436 | D:4      | Found a burning altar of Makhleb.
  3438 | D:4      | 3438 ||| INVOKING Berserk.
  3548 | D:4      | Found a bloodstained altar of Trog.
  3863 | D:4      | 3863 ||| UPGRADING to +0 pair of boots.
  3868 | D:4      | 3868 ||| READING scroll labelled VUOM DI LAFEOT.
  3869 | D:4      | 3869 ||| READING 2 scrolls of identify.
  3869 | D:4      | 3869 ||| IDENTIFYING fizzy yellow potion
  3893 | D:5      | Noticed Edmund
  3895 | D:5      | 3895 ||| INVOKING Berserk.
  3899 | D:5      | Killed Edmund
  3900 | D:5      | Reached skill level 9 in Axes
  3900 | D:5      | Reached XP level 7. HP: 60/60 MP: 3/6
  3900 | D:5      | 3900 ||| STAIRDANCE
  4050 | D:5      | Reached skill level 3 in Armour
  4099 | D:5      | 4099 ||| DROPPING +0 flail.
  4144 | D:5      | 4144 ||| Stepping ~*~*~tactically~*~*~ (hiding).
  4145 | D:5      | 4145 ||| Stepping ~*~*~tactically~*~*~ (hiding).
  4147 | D:5      | 4147 ||| Stepping ~*~*~tactically~*~*~ (hiding).
  4148 | D:5      | 4148 ||| Stepping ~*~*~tactically~*~*~ (hiding).
  4433 | D:5      | Found Nuphun's Magic Scroll Shoppe.
  4437 | D:5      | 4437 ||| BUYING 3 scrolls of identify (72 gold).
  4437 | D:5      | Bought 3 scrolls of identify for 72 gold pieces
  4437 | D:5      | 4437 ||| BUYING scroll of identify (24 gold).
  4437 | D:5      | Bought a scroll of identify for 24 gold pieces
  4437 | D:5      | 4437 ||| BUYING scroll of identify (24 gold).
  4437 | D:5      | Bought a scroll of identify for 24 gold pieces
  4437 | D:5      | 4437 ||| BUYING scroll of teleportation (36 gold).
  4437 | D:5      | Bought a scroll of teleportation for 36 gold pieces
  4617 | D:5      | 4617 ||| READING 6 scrolls of identify.
  4617 | D:5      | 4617 ||| IDENTIFYING cyan potion
  4618 | D:5      | 4618 ||| READING 5 scrolls of identify.
  4618 | D:5      | 4618 ||| IDENTIFYING lumpy white potion
  4619 | D:5      | 4619 ||| READING 4 scrolls of identify.
  4619 | D:5      | 4619 ||| IDENTIFYING metallic purple potion
  4620 | D:5      | 4620 ||| READING 3 scrolls of identify.
  4620 | D:5      | 4620 ||| IDENTIFYING glowing green potion
  4621 | D:5      | 4621 ||| READING 2 scrolls of identify.
  4621 | D:5      | 4621 ||| IDENTIFYING black potion
  4622 | D:5      | 4622 ||| DROPPING potion of lignification.
  4623 | D:5      | 4623 ||| DROPPING potion of flight.
  4624 | D:5      | 4624 ||| DROPPING potion of berserk rage.
  4687 | D:6      | 4687 ||| Stepping ~*~*~tactically~*~*~ (stealth).
  4731 | D:6      | 4731 ||| Stepping ~*~*~tactically~*~*~ (stealth).
  4735 | D:6      | 4735 ||| Stepping ~*~*~tactically~*~*~ (hiding).
  4766 | D:6      | 4766 ||| Stepping ~*~*~tactically~*~*~ (hiding).
  4767 | D:6      | 4767 ||| INVOKING Berserk.
  4770 | D:6      | Reached XP level 8. HP: 69/69 MP: 7/7
  5072 | D:6      | 5072 ||| Stepping ~*~*~tactically~*~*~ (stealth).
  5073 | D:6      | 5073 ||| Stepping ~*~*~tactically~*~*~ (stealth).
  5076 | D:6      | 5076 ||| Stepping ~*~*~tactically~*~*~ (stealth).
  5115 | D:6      | Reached skill level 6 in Fighting
  5178 | D:6      | 5178 ||| READING scroll labelled MICLEDISYUH.
  5239 | D:7      | Noticed Pikel
  5243 | D:7      | 5243 ||| INVOKING Berserk.
  5247 | D:7      | Killed Pikel
  5248 | D:7      | Reached skill level 12 in Axes
  5374 | D:7      | Found a runed translucent door.
  5375 | D:7      | Noticed Crazy Yiuf
  5413 | D:7      | Identified the +1 mace "Ocroaxow" {venom, Fly rElec rCorr
                  | Str+5}
  5545 | D:7      | 5545 ||| Stepping ~*~*~tactically~*~*~ (hiding).
  5550 | D:7      | Reached XP level 9. HP: 72/79 MP: 8/8
  5630 | D:7      | 5630 ||| READING scroll of enchant armour.
  5630 | D:7      | 5630 ||| ENCHANTING +0 pair of boots.
  5714 | D:7      | 5714 ||| INVOKING Berserk.
  6028 | D:7      | Noticed Duvessa
  6028 | D:7      | Noticed Dowan
  6029 | D:7      | 6029 ||| INVOKING Berserk.
  6032 | D:7      | Killed Duvessa
  6035 | D:7      | Killed Dowan
  6212 | D:7      | 6212 ||| UPGRADING to +2 buckler.
  6217 | D:7      | 6217 ||| DRINKING 3 coppery potions.
  6218 | D:7      | 6218 ||| READING 2 scrolls of identify.
  6218 | D:7      | 6218 ||| IDENTIFYING green potion
  6219 | D:7      | 6219 ||| DROPPING potion of brilliance.
  6260 | D:8      | Noticed Gastronok
  6263 | D:8      | 6263 ||| INVOKING Berserk.
  6267 | D:8      | Killed Gastronok
  6448 | D:8      | 6448 ||| Stepping ~*~*~tactically~*~*~ (stealth).
  6458 | D:8      | Found Ojerr's Book Shoppe.
  6461 | D:8      | Noticed Prince Ribbit
  6463 | D:8      | 6463 ||| INVOKING Berserk.
  6468 | D:8      | Killed Prince Ribbit
  6718 | D:8      | 6718 ||| INVOKING Berserk.
  6945 | D:8      | 6945 ||| READING scroll of enchant armour.
  6945 | D:8      | 6945 ||| ENCHANTING +1 pair of boots.
  7060 | D:8      | 7060 ||| Stepping ~*~*~tactically~*~*~ (stealth).
  7061 | D:8      | 7061 ||| Stepping ~*~*~tactically~*~*~ (stealth).
  7062 | D:8      | 7062 ||| Stepping ~*~*~tactically~*~*~ (stealth).
  7069 | D:8      | Reached XP level 10. HP: 77/84 MP: 7/9
  7199 | D:8      | 7199 ||| DROPPING +1 mace "Ocroaxow" {venom, Fly rElec
                  | rCorr Str+5}.
  7200 | D:8      | 7200 ||| DROPPING +5 vorpal flail.
  7280 | D:8      | Found a shadowy altar of Dithmenos.
  7430 | D:8      | Reached **** piety under Trog
  7499 | D:8      | 7499 ||| UPGRADING to +1 hat.
  7504 | D:8      | 7504 ||| UPGRADING to +0 cloak.
  7509 | D:8      | 7509 ||| READING 2 scrolls of identify.
  7509 | D:8      | 7509 ||| IDENTIFYING metallic orange potion
  7584 | D:9      | Found a staircase to the Orcish Mines.
  7593 | D:9      | Found Sizovoh's Armour Shop.
  7667 | D:9      | 7667 ||| Stepping ~*~*~tactically~*~*~ (stealth).
  7673 | D:9      | 7673 ||| FLEEEEING.
  7674 | D:9      | 7674 ||| FLEEEEING.
  7675 | D:9      | 7675 ||| FLEEEEING.
  7676 | D:9      | 7676 ||| FLEEEEING.
  7677 | D:9      | 7677 ||| FLEEEEING.
  7678 | D:9      | 7678 ||| FLEEEEING.
  7679 | D:9      | 7679 ||| FLEEEEING.
  7684 | D:9      | 7684 ||| FLEEEEING.
  7686 | D:9      | 7686 ||| FLEEEEING.
  7687 | D:9      | 7687 ||| FLEEEEING.
  7688 | D:9      | 7688 ||| FLEEEEING.
  7689 | D:9      | 7689 ||| FLEEEEING.
  7691 | D:9      | 7691 ||| FLEEEEING.
  7692 | D:9      | 7692 ||| FLEEEEING.
  7693 | D:9      | 7693 ||| FLEEEEING.
  7694 | D:9      | 7694 ||| FLEEEEING.
  7695 | D:9      | 7695 ||| FLEEEEING.
  7696 | D:9      | 7696 ||| FLEEEEING.
  7697 | D:9      | 7697 ||| FLEEEEING.
  7698 | D:9      | 7698 ||| FLEEEEING.
  7709 | D:9      | 7709 ||| FLEEEEING.
  7710 | D:9      | 7710 ||| FLEEEEING.
  7725 | D:9      | 7725 ||| FLEEEEING.
  7726 | D:9      | 7726 ||| FLEEEEING.
  7727 | D:9      | 7727 ||| STAIRDANCE
  7829 | D:9      | 7829 ||| STAIRDANCE
  7836 | D:9      | 7836 ||| STAIRDANCE
  8037 | D:9      | Found a staircase to the Lair.
  8072 | D:9      | 8072 ||| Stepping ~*~*~tactically~*~*~ (hiding).
  8382 | D:9      | 8382 ||| Stepping ~*~*~tactically~*~*~ (stealth).
  8637 | D:9      | 8637 ||| PLANNING LAIR
  8637 | D:9      | 8637 ||| READING scroll labelled CODUOC HUUSIEKK.
  8638 | D:9      | 8638 ||| READING 4 scrolls of teleportation.
  8671 | Lair:1   | Entered Level 1 of the Lair of Beasts
  8671 | Lair:1   | Noticed a cane toad
  8677 | Lair:1   | 8677 ||| INVOKING Berserk.
  8682 | Lair:1   | Killed a cane toad
  8683 | Lair:1   | Reached skill level 6 in Armour
  8806 | Lair:1   | 8806 ||| SWAPPING to +3 war axe.
  8807 | Lair:1   | 8807 ||| DROPPING +0 war axe of draining.
  8832 | Lair:1   | 8832 ||| INVOKING Berserk.
  8837 | Lair:1   | Reached skill level 3 in Dodging
  9066 | Lair:1   | Noticed a cane toad
  9070 | Lair:1   | 9070 ||| INVOKING Berserk.
  9071 | Lair:1   | Killed a cane toad
  9072 | Lair:1   | Reached skill level 15 in Axes
  9309 | Lair:1   | 9309 ||| INVOKING Berserk.
  9328 | Lair:1   | Reached skill level 9 in Fighting
  9414 | Lair:1   | You fall into a shaft and drop 1 floor!
  9419 | Lair:2   | Reached XP level 11. HP: 97/97 MP: 10/10
  9426 | Lair:2   | 9426 ||| Stepping ~*~*~tactically~*~*~ (stealth).
  9428 | Lair:2   | 9428 ||| Stepping ~*~*~tactically~*~*~ (stealth).
  9446 | Lair:2   | 9446 ||| Stepping ~*~*~tactically~*~*~ (stealth).
  9447 | Lair:2   | 9447 ||| Stepping ~*~*~tactically~*~*~ (stealth).
  9459 | Lair:2   | Noticed a five-headed hydra
  9460 | Lair:2   | 9460 ||| INVOKING Brothers in Arms.
  9461 | Lair:2   | 9461 ||| INVOKING Brothers in Arms.
  9462 | Lair:2   | 9462 ||| INVOKING Brothers in Arms.
  9463 | Lair:2   | 9463 ||| INVOKING Brothers in Arms.
  9464 | Lair:2   | 9464 ||| INVOKING Brothers in Arms.
  9465 | Lair:2   | 9465 ||| INVOKING Brothers in Arms.
  9466 | Lair:2   | 9466 ||| SWAPPING to +3 morningstar.
  9467 | Lair:2   | 9467 ||| INVOKING Berserk.
  9471 | Lair:2   | Killed a five-headed hydra
  9500 | Lair:2   | 9500 ||| SWAPPING to +3 war axe.
  9683 | Lair:2   | 9683 ||| READING 2 scrolls of identify.
  9683 | Lair:2   | 9683 ||| IDENTIFYING viscous cyan potion
  9686 | Lair:2   | Found a staircase to the Snake Pit.
  9950 | Lair:1   | 9950 ||| INVOKING Berserk.
 10300 | Lair:1   | 10300 ||| READING 2 scrolls of identify.
 10300 | Lair:1   | 10300 ||| IDENTIFYING bubbling cyan potion
 10301 | Lair:1   | 10301 ||| DROPPING potion of magic.
 10470 | Lair:2   | 10470 ||| Stepping ~*~*~tactically~*~*~ (stealth).
 10472 | Lair:2   | 10472 ||| INVOKING Berserk.
 10621 | Lair:2   | 10621 ||| FLEEEEING.
 10625 | Lair:2   | 10625 ||| INVOKING Berserk.
 10713 | Lair:2   | 10713 ||| Stepping ~*~*~tactically~*~*~ (stealth).
 10716 | Lair:2   | 10716 ||| INVOKING Berserk.
 10872 | Lair:2   | 10872 ||| Stepping ~*~*~tactically~*~*~ (stealth).
 10872 | Lair:2   | Noticed a death yak
 10873 | Lair:2   | 10873 ||| Stepping ~*~*~tactically~*~*~ (stealth).
 10874 | Lair:2   | 10874 ||| Stepping ~*~*~tactically~*~*~ (stealth).
 10879 | Lair:2   | Reached skill level 3 in Throwing
 10885 | Lair:2   | 10885 ||| INVOKING Berserk.
 10892 | Lair:2   | Killed a death yak
 11158 | Lair:2   | 11158 ||| INVOKING Berserk.
 11457 | Lair:2   | 11457 ||| READING 3 scrolls of identify.
 11457 | Lair:2   | 11457 ||| IDENTIFYING viscous green potion
 11458 | Lair:2   | 11458 ||| DROPPING potion of attraction.
 11575 | Lair:3   | 11575 ||| INVOKING Berserk.
 11772 | Lair:3   | 11772 ||| Stepping ~*~*~tactically~*~*~ (stealth).
 11773 | Lair:3   | 11773 ||| Stepping ~*~*~tactically~*~*~ (stealth).
 11839 | Lair:3   | Noticed an oklob plant
 11844 | Lair:3   | 11844 ||| INVOKING Berserk.
 11848 | Lair:3   | Killed an oklob plant
 11951 | Lair:3   | Noticed a wolf spider
 11956 | Lair:3   | 11956 ||| INVOKING Berserk.
 11962 | Lair:3   | Killed a wolf spider
 11963 | Lair:3   | Reached skill level 9 in Armour
 12028 | Lair:3   | 12028 ||| Stepping ~*~*~tactically~*~*~ (stealth).
 12035 | Lair:3   | 12035 ||| Stepping ~*~*~tactically~*~*~ (stealth).
 12036 | Lair:3   | 12036 ||| Stepping ~*~*~tactically~*~*~ (stealth).
 12037 | Lair:3   | 12037 ||| Stepping ~*~*~tactically~*~*~ (stealth).
 12039 | Lair:3   | 12039 ||| INVOKING Berserk.
 12042 | Lair:3   | Reached XP level 12. HP: 110/110 MP: 11/11
 12466 | Lair:3   | Found a staircase to the Shoals.
 12590 | Lair:3   | 12590 ||| READING scroll labelled LIEMAI KAETA.
 12611 | Lair:2   | 12611 ||| READING 4 scrolls of teleportation.
 12671 | Lair:4   | Reached skill level 12 in Fighting
 12756 | Lair:4   | Noticed Snorg
 12757 | Lair:4   | 12757 ||| INVOKING Berserk.
 12765 | Lair:4   | Killed Snorg
 13058 | Lair:4   | 13058 ||| Stepping ~*~*~tactically~*~*~ (stealth).
 13059 | Lair:4   | 13059 ||| Stepping ~*~*~tactically~*~*~ (stealth).
 13061 | Lair:4   | 13061 ||| Stepping ~*~*~tactically~*~*~ (stealth).
 13116 | Lair:4   | Noticed Josephine
 13125 | Lair:4   | Killed Josephine
 13231 | Lair:4   | 13231 ||| INVOKING Berserk.
 13402 | Lair:4   | Noticed a death yak
 13403 | Lair:4   | 13403 ||| FLEEEEING.
 13405 | Lair:4   | 13405 ||| INVOKING Berserk.
 13408 | Lair:4   | Killed a death yak
 13548 | Lair:4   | 13548 ||| INVOKING Berserk.
 14011 | Lair:4   | 14011 ||| DROPPING scarf of shadows.
 14018 | Lair:5   | Entered Level 5 of the Lair of Beasts
 14102 | Lair:5   | Noticed a death yak
 14104 | Lair:5   | Noticed a death yak
 14104 | Lair:5   | Noticed a death yak
 14106 | Lair:5   | Noticed a death yak
 14108 | Lair:5   | 14108 ||| INVOKING Berserk.
 14112 | Lair:5   | Killed a death yak
 14116 | Lair:5   | Killed a death yak
 14117 | Lair:5   | Reached skill level 6 in Dodging
 14120 | Lair:5   | Killed a death yak
 14121 | Lair:5   | Reached skill level 9 in Shields
 14123 | Lair:5   | Killed a death yak
 14190 | Lair:5   | 14190 ||| Stepping ~*~*~tactically~*~*~ (stealth).
 14230 | Lair:5   | 14230 ||| Stepping ~*~*~tactically~*~*~ (stealth).
 14235 | Lair:5   | 14235 ||| FLEEEEING.
 14236 | Lair:5   | 14236 ||| FLEEEEING.
 14237 | Lair:5   | 14237 ||| FLEEEEING.
 14238 | Lair:5   | 14238 ||| FLEEEEING.
 14239 | Lair:5   | 14239 ||| FLEEEEING.
 14240 | Lair:5   | 14240 ||| FLEEEEING.
 14241 | Lair:5   | 14241 ||| FLEEEEING.
 14242 | Lair:5   | 14242 ||| FLEEEEING.
 14246 | Lair:5   | 14246 ||| DRINKING potion of cancellation.
 14314 | Lair:5   | 14314 ||| Stepping ~*~*~tactically~*~*~ (stealth).
 14317 | Lair:5   | 14317 ||| INVOKING Berserk.
 14371 | Lair:5   | 14371 ||| Stepping ~*~*~tactically~*~*~ (stealth).
 14383 | Lair:5   | 14383 ||| Stepping ~*~*~tactically~*~*~ (stealth).
 14384 | Lair:5   | 14384 ||| Stepping ~*~*~tactically~*~*~ (stealth).
 14384 | Lair:5   | Noticed a catoblepas
 14385 | Lair:5   | 14385 ||| Stepping ~*~*~tactically~*~*~ (stealth).
 14390 | Lair:5   | 14390 ||| FLEEEEING.
 14391 | Lair:5   | 14391 ||| FLEEEEING.
 14400 | Lair:5   | 14400 ||| FLEEEEING.
 14401 | Lair:5   | 14401 ||| FLEEEEING.
 14402 | Lair:5   | 14402 ||| FLEEEEING.
 14410 | Lair:5   | 14410 ||| INVOKING Berserk.
 14413 | Lair:5   | Reached XP level 13. HP: 124/124 MP: 10/12
 14428 | Lair:5   | 14428 ||| FLEEEEING.
 14429 | Lair:5   | 14429 ||| FLEEEEING.
 14475 | Lair:5   | 14475 ||| Stepping ~*~*~tactically~*~*~ (hiding).
 14486 | Lair:5   | 14486 ||| INVOKING Brothers in Arms.
 14487 | Lair:5   | 14487 ||| SWAPPING to +3 morningstar.
 14488 | Lair:5   | 14488 ||| SWAPPING to +3 war axe.
 14489 | Lair:5   | 14489 ||| INVOKING Berserk.
 14756 | Lair:5   | 14756 ||| Stepping ~*~*~tactically~*~*~ (stealth).
 14758 | Lair:5   | 14758 ||| Stepping ~*~*~tactically~*~*~ (hiding).
 14766 | Lair:5   | 14766 ||| INVOKING Berserk.
 14770 | Lair:5   | Reached skill level 15 in Fighting
 14913 | Lair:5   | 14913 ||| Stepping ~*~*~tactically~*~*~ (hiding).
 14917 | Lair:5   | 14917 ||| INVOKING Berserk.
 15048 | Lair:5   | 15048 ||| INVOKING Brothers in Arms.
 15049 | Lair:5   | 15049 ||| INVOKING Brothers in Arms.
 15050 | Lair:5   | 15050 ||| Stepping ~*~*~tactically~*~*~ (hiding).
 15051 | Lair:5   | 15051 ||| INVOKING Brothers in Arms.
 15052 | Lair:5   | 15052 ||| INVOKING Brothers in Arms.
 15053 | Lair:5   | 15053 ||| INVOKING Brothers in Arms.
 15054 | Lair:5   | 15054 ||| INVOKING Brothers in Arms.
 15055 | Lair:5   | 15055 ||| SWAPPING to +3 morningstar.
 15056 | Lair:5   | 15056 ||| INVOKING Berserk.
 15097 | Lair:5   | 15097 ||| SWAPPING to +3 war axe.
 15348 | Lair:5   | 15348 ||| Stepping ~*~*~tactically~*~*~ (cloud).
 15360 | Lair:5   | 15360 ||| INVOKING Berserk.
 15374 | Lair:5   | 15374 ||| Stepping ~*~*~tactically~*~*~ (cloud).
 15379 | Lair:5   | Reached skill level 6 in Throwing
 15445 | Lair:5   | 15445 ||| Stepping ~*~*~tactically~*~*~ (cloud).
 15466 | Lair:5   | 15466 ||| Stepping ~*~*~tactically~*~*~ (cloud).
 15475 | Lair:5   | 15475 ||| Stepping ~*~*~tactically~*~*~ (cloud).
 15476 | Lair:5   | 15476 ||| Stepping ~*~*~tactically~*~*~ (cloud).
 15483 | Lair:5   | 15483 ||| Stepping ~*~*~tactically~*~*~ (cloud).
 15490 | Lair:5   | 15490 ||| Stepping ~*~*~tactically~*~*~ (cloud).
 15524 | Lair:5   | 15524 ||| Stepping ~*~*~tactically~*~*~ (cloud).
 15525 | Lair:5   | 15525 ||| INVOKING Berserk.
 15537 | Lair:5   | 15537 ||| Stepping ~*~*~tactically~*~*~ (cloud).
 15640 | Lair:5   | 15640 ||| Stepping ~*~*~tactically~*~*~ (cloud).
 15641 | Lair:5   | 15641 ||| Stepping ~*~*~tactically~*~*~ (cloud).
 15652 | Lair:5   | 15652 ||| Stepping ~*~*~tactically~*~*~ (cloud).
 15656 | Lair:5   | 15656 ||| Stepping ~*~*~tactically~*~*~ (cloud).
 15657 | Lair:5   | 15657 ||| INVOKING Berserk.
 15661 | Lair:5   | 15661 ||| Stepping ~*~*~tactically~*~*~ (cloud).
 15673 | Lair:5   | 15673 ||| Stepping ~*~*~tactically~*~*~ (cloud).
 15788 | Lair:5   | 15788 ||| Stepping ~*~*~tactically~*~*~ (cloud).
 15795 | Lair:5   | 15795 ||| Stepping ~*~*~tactically~*~*~ (cloud).
 15797 | Lair:5   | 15797 ||| Stepping ~*~*~tactically~*~*~ (cloud).
 15799 | Lair:5   | 15799 ||| INVOKING Berserk.
 15841 | Lair:5   | 15841 ||| Stepping ~*~*~tactically~*~*~ (stealth).
 15869 | Lair:5   | 15869 ||| Stepping ~*~*~tactically~*~*~ (stealth).
 15870 | Lair:5   | 15870 ||| Stepping ~*~*~tactically~*~*~ (stealth).
 15898 | Lair:5   | 15898 ||| Stepping ~*~*~tactically~*~*~ (cloud).
 15899 | Lair:5   | 15899 ||| INVOKING Berserk.
 15904 | Lair:5   | 15904 ||| Stepping ~*~*~tactically~*~*~ (cloud).
 15915 | Lair:5   | 15915 ||| Stepping ~*~*~tactically~*~*~ (cloud).
 15916 | Lair:5   | 15916 ||| Stepping ~*~*~tactically~*~*~ (cloud).
 15918 | Lair:5   | 15918 ||| Stepping ~*~*~tactically~*~*~ (cloud).
 16119 | Lair:5   | 16119 ||| INVOKING Berserk.
 16256 | Lair:5   | 16256 ||| INVOKING Berserk.
 16402 | Lair:5   | Found a staircase to the Slime Pits.
 16470 | Lair:5   | Found a runed translucent door.
 16472 | Lair:5   | 16472 ||| INVOKING Berserk.
 16607 | Lair:5   | 16607 ||| FLEEEEING.
 16608 | Lair:5   | 16608 ||| FLEEEEING.
 16609 | Lair:5   | 16609 ||| FLEEEEING.
 16610 | Lair:5   | 16610 ||| FLEEEEING.
 16611 | Lair:5   | 16611 ||| FLEEEEING.
 16612 | Lair:5   | 16612 ||| FLEEEEING.
 16613 | Lair:5   | 16613 ||| FLEEEEING.
 16614 | Lair:5   | 16614 ||| FLEEEEING.
 16615 | Lair:5   | 16615 ||| FLEEEEING.
 16616 | Lair:5   | 16616 ||| FLEEEEING.
 16617 | Lair:5   | 16617 ||| FLEEEEING.
 16618 | Lair:5   | 16618 ||| FLEEEEING.
 16619 | Lair:5   | 16619 ||| FLEEEEING.
 16620 | Lair:5   | 16620 ||| FLEEEEING.
 16621 | Lair:5   | 16621 ||| FLEEEEING.
 16622 | Lair:5   | 16622 ||| FLEEEEING.
 16623 | Lair:5   | 16623 ||| FLEEEEING.
 16624 | Lair:5   | 16624 ||| FLEEEEING.
 16625 | Lair:5   | 16625 ||| FLEEEEING.
 16626 | Lair:5   | 16626 ||| INVOKING Berserk.
 16700 | Lair:5   | 16700 ||| Stepping ~*~*~tactically~*~*~ (stealth).
 16702 | Lair:5   | 16702 ||| Stepping ~*~*~tactically~*~*~ (stealth).
 16704 | Lair:5   | 16704 ||| Stepping ~*~*~tactically~*~*~ (stealth).
 16705 | Lair:5   | 16705 ||| INVOKING Berserk.
 16711 | Lair:5   | Reached skill level 12 in Armour
 16869 | Lair:5   | 16869 ||| SWAPPING to +3 morningstar.
 16870 | Lair:5   | 16870 ||| INVOKING Berserk.
 16880 | Lair:5   | 16880 ||| SWAPPING to +3 war axe.
 17038 | Lair:5   | 17038 ||| Stepping ~*~*~tactically~*~*~ (stealth).
 17040 | Lair:5   | 17040 ||| Stepping ~*~*~tactically~*~*~ (hiding).
 17044 | Lair:5   | 17044 ||| INVOKING Berserk.
 17076 | Lair:5   | 17076 ||| FLEEEEING.
 17077 | Lair:5   | 17077 ||| FLEEEEING.
 17197 | Lair:5   | 17197 ||| FLEEEEING.
 17198 | Lair:5   | 17198 ||| FLEEEEING.
 17199 | Lair:5   | 17199 ||| FLEEEEING.
 17200 | Lair:5   | 17200 ||| FLEEEEING.
 17201 | Lair:5   | 17201 ||| FLEEEEING.
 17202 | Lair:5   | 17202 ||| FLEEEEING.
 17203 | Lair:5   | 17203 ||| FLEEEEING.
 17204 | Lair:5   | 17204 ||| FLEEEEING.
 17205 | Lair:5   | 17205 ||| FLEEEEING.
 17206 | Lair:5   | 17206 ||| FLEEEEING.
 17207 | Lair:5   | 17207 ||| FLEEEEING.
 17208 | Lair:5   | 17208 ||| FLEEEEING.
 17210 | Lair:5   | 17210 ||| FLEEEEING.
 17211 | Lair:5   | 17211 ||| FLEEEEING.
 17212 | Lair:5   | 17212 ||| FLEEEEING.
 17213 | Lair:5   | 17213 ||| FLEEEEING.
 17214 | Lair:5   | 17214 ||| FLEEEEING.
 17215 | Lair:5   | 17215 ||| FLEEEEING.
 17216 | Lair:5   | 17216 ||| FLEEEEING.
 17217 | Lair:5   | 17217 ||| FLEEEEING.
 17219 | Lair:5   | 17219 ||| FLEEEEING.
 17220 | Lair:5   | 17220 ||| FLEEEEING.
 17221 | Lair:5   | 17221 ||| INVOKING Berserk.
 17231 | Lair:5   | 17231 ||| Stepping ~*~*~tactically~*~*~ (stealth).
 17236 | Lair:5   | 17236 ||| Stepping ~*~*~tactically~*~*~ (stealth).
 17295 | Lair:5   | 17295 ||| FLEEEEING.
 17296 | Lair:5   | 17296 ||| FLEEEEING.
 17297 | Lair:5   | 17297 ||| FLEEEEING.
 17299 | Lair:5   | 17299 ||| FLEEEEING.
 17301 | Lair:5   | 17301 ||| FLEEEEING.
 17302 | Lair:5   | 17302 ||| FLEEEEING.
 17304 | Lair:5   | 17304 ||| FLEEEEING.
 17305 | Lair:5   | 17305 ||| FLEEEEING.
 17306 | Lair:5   | 17306 ||| FLEEEEING.
 17307 | Lair:5   | 17307 ||| FLEEEEING.
 17308 | Lair:5   | 17308 ||| FLEEEEING.
 17309 | Lair:5   | 17309 ||| FLEEEEING.
 17310 | Lair:5   | 17310 ||| FLEEEEING.
 17312 | Lair:5   | 17312 ||| FLEEEEING.
 17313 | Lair:5   | 17313 ||| FLEEEEING.
 17314 | Lair:5   | 17314 ||| FLEEEEING.
 17315 | Lair:5   | 17315 ||| FLEEEEING.
 17316 | Lair:5   | 17316 ||| FLEEEEING.
 17317 | Lair:5   | 17317 ||| FLEEEEING.
 17318 | Lair:5   | 17318 ||| FLEEEEING.
 17319 | Lair:5   | 17319 ||| INVOKING Berserk.
 17495 | Lair:5   | Identified the amulet of Ipsoppom {RegenMP rC+ Will+ Dex+4}
 17525 | Lair:5   | 17525 ||| INVOKING Berserk.
 17540 | Lair:5   | Reached XP level 14. HP: 138/138 MP: 10/13
 17855 | Lair:5   | 17855 ||| UPGRADING to +0 cloak of poison resistance.
 17865 | Lair:5   | 17865 ||| PLANNING D:1-11
 17865 | Lair:5   | 17865 ||| DROPPING +1 scale mail of poison resistance.
 17866 | Lair:5   | 17866 ||| DROPPING +1 ring mail of fire resistance.
 17867 | Lair:5   | 17867 ||| DROPPING +0 cloak.
 17868 | Lair:5   | 17868 ||| UPGRADING to +1 plate armour of cold resistance.
 17878 | Lair:5   | 17878 ||| DROPPING +1 chain mail of cold resistance.
 17879 | Lair:5   | 17879 ||| UPGRADING to +0 pair of gloves.
 17884 | Lair:5   | 17884 ||| UPGRADING to amulet of Ipsoppom {RegenMP rC+
                  | Will+ Dex+4}.
 17894 | Lair:5   | 17894 ||| DROPPING ring of see invisible.
 17895 | Lair:5   | 17895 ||| READING scroll labelled KUINOBB OCLEUF.
 17896 | Lair:5   | 17896 ||| READING 5 scrolls of identify.
 17896 | Lair:5   | 17896 ||| IDENTIFYING fuming ruby potion
 17897 | Lair:5   | 17897 ||| DROPPING potion of invisibility.
 18004 | D:10     | Entered Level 10 of the Dungeon
 18090 | D:10     | 18090 ||| FLEEEEING.
 18091 | D:10     | 18091 ||| FLEEEEING.
 18092 | D:10     | 18092 ||| FLEEEEING.
 18093 | D:10     | 18093 ||| FLEEEEING.
 18094 | D:10     | 18094 ||| FLEEEEING.
 18095 | D:10     | 18095 ||| FLEEEEING.
 18096 | D:10     | 18096 ||| FLEEEEING.
 18097 | D:10     | 18097 ||| FLEEEEING.
 18104 | D:10     | 18104 ||| FLEEEEING.
 18107 | D:10     | 18107 ||| FLEEEEING.
 18108 | D:10     | 18108 ||| FLEEEEING.
 18109 | D:10     | 18109 ||| FLEEEEING.
 18110 | D:10     | 18110 ||| FLEEEEING.
 18111 | D:10     | 18111 ||| FLEEEEING.
 18395 | D:10     | 18395 ||| INVOKING Brothers in Arms.
 18401 | D:10     | 18401 ||| INVOKING Berserk.
 18753 | D:10     | 18753 ||| DROPPING ring of positive energy.
 18830 | D:11     | 18830 ||| Stepping randomly (disturbance).
 18883 | D:11     | 18883 ||| Stepping ~*~*~tactically~*~*~ (stealth).
 18980 | D:11     | 18980 ||| READING 2 scrolls of brand weapon.
 18980 | D:11     | 18980 ||| BRANDING +3 war axe.
 18981 | D:11     | 18981 ||| READING scroll of brand weapon.
 18981 | D:11     | 18981 ||| BRANDING +3 war axe of chaos.
 19056 | D:11     | 19056 ||| Stepping ~*~*~tactically~*~*~ (hiding).
 19057 | D:11     | 19057 ||| Stepping ~*~*~tactically~*~*~ (hiding).
 19240 | D:11     | 19240 ||| FLEEEEING.
 19241 | D:11     | 19241 ||| FLEEEEING.
 19242 | D:11     | 19242 ||| FLEEEEING.
 19243 | D:11     | 19243 ||| FLEEEEING.
 19263 | D:11     | 19263 ||| FLEEEEING.
 19264 | D:11     | 19264 ||| FLEEEEING.
 19265 | D:11     | 19265 ||| FLEEEEING.
 19269 | D:11     | 19269 ||| FLEEEEING.
 19506 | D:11     | 19506 ||| INVOKING Berserk.
 19722 | D:11     | 19722 ||| PLANNING D
 19771 | D:12     | Noticed Sonja
 19775 | D:12     | Killed Sonja
 19776 | D:12     | 19776 ||| Stepping ~*~*~tactically~*~*~ (stealth).
 19777 | D:12     | 19777 ||| Stepping ~*~*~tactically~*~*~ (stealth).
 19783 | D:12     | 19783 ||| INVOKING Berserk.
 20280 | D:12     | Identified the +8 scimitar "Rear" {vorpal, Will- Str+4
                  | Dex+4 Stlth+}
 20341 | D:12     | Identified the +9 morningstar of Flawed Execution {flame,
                  | rN+}
 20343 | D:12     | 20343 ||| DROPPING +3 morningstar.
 20425 | D:12     | Found a portal to a secret trove of treasure.
 20430 | D:12     | 20430 ||| Stepping ~*~*~tactically~*~*~ (stealth).
 20442 | D:12     | 20442 ||| Stepping ~*~*~tactically~*~*~ (stealth).
 20638 | D:12     | 20638 ||| Stepping ~*~*~tactically~*~*~ (stealth).
 20644 | D:12     | Reached skill level 15 in Armour
 20644 | D:12     | 20644 ||| Stepping ~*~*~tactically~*~*~ (stealth).
 20692 | D:12     | Found Tilyuf's Antique Armour Shop.
 20722 | D:12     | 20722 ||| INVOKING Berserk.
 20877 | D:12     | 20877 ||| Stepping ~*~*~tactically~*~*~ (stealth).
 20890 | D:12     | 20890 ||| INVOKING Berserk.
 21146 | D:12     | Reached skill level 9 in Dodging
 21372 | D:12     | 21372 ||| FLEEEEING.
 21373 | D:12     | 21373 ||| FLEEEEING.
 21374 | D:12     | 21374 ||| FLEEEEING.
 21482 | D:12     | 21482 ||| DROPPING amulet of magic regeneration.
 21483 | D:12     | 21483 ||| READING scroll labelled TAVEXK JAYM ZODE.
 21820 | D:13     | 21820 ||| INVOKING Brothers in Arms.
 21822 | D:13     | 21822 ||| SWAPPING to +9 morningstar of Flawed Execution
                  | {flame, rN+}.
 21823 | D:13     | 21823 ||| INVOKING Berserk.
 21832 | D:13     | 21832 ||| SWAPPING to +3 war axe of venom.
 21967 | D:13     | 21967 ||| Stepping ~*~*~tactically~*~*~ (hiding).
 21968 | D:13     | 21968 ||| Stepping ~*~*~tactically~*~*~ (hiding).
 22003 | D:13     | Found a gate to the Vaults.
 22022 | D:13     | 22022 ||| INVOKING Berserk.
 22239 | D:13     | 22239 ||| Stepping ~*~*~tactically~*~*~ (hiding).
 22508 | D:13     | Noticed Rupert
 22509 | D:13     | 22509 ||| Stepping ~*~*~tactically~*~*~ (hiding).
 22510 | D:13     | 22510 ||| INVOKING Trog's Hand.
 22511 | D:13     | 22511 ||| Stepping ~*~*~tactically~*~*~ (hiding).
 22512 | D:13     | 22512 ||| INVOKING Berserk.
 22521 | D:13     | Killed Rupert
 22653 | D:13     | Found a glowing golden altar of the Shining One.
 22686 | D:13     | 22686 ||| FLEEEEING.
 22687 | D:13     | 22687 ||| FLEEEEING.
 22688 | D:13     | 22688 ||| FLEEEEING.
 22689 | D:13     | 22689 ||| FLEEEEING.
 22690 | D:13     | 22690 ||| FLEEEEING.
 22691 | D:13     | 22691 ||| FLEEEEING.
 22775 | D:13     | 22775 ||| Stepping ~*~*~tactically~*~*~ (stealth).
 22830 | D:13     | Reached XP level 15. HP: 147/147 MP: 14/14
 22864 | D:13     | 22864 ||| FLEEEEING.
 22866 | D:13     | 22866 ||| FLEEEEING.
 22867 | D:13     | 22867 ||| FLEEEEING.
 22868 | D:13     | 22868 ||| STAIRDANCE
 22946 | D:12     | 22946 ||| DROPPING amulet of faith.
 23759 | D:14     | 23759 ||| INVOKING Trog's Hand.
 24031 | D:14     | 24031 ||| Stepping ~*~*~tactically~*~*~ (stealth).
 24032 | D:14     | 24032 ||| Stepping ~*~*~tactically~*~*~ (stealth).
 24342 | D:14     | 24342 ||| READING 2 scrolls labelled XYEKAE ATUI.
 24343 | D:14     | 24343 ||| READING scroll of enchant weapon.
 24343 | D:14     | 24343 ||| ENCHANTING +4 war axe of venom.
 24344 | D:14     | 24344 ||| READING scroll labelled DUFIANG DULLOLL.
 24461 | D:15     | Entered Level 15 of the Dungeon
 24504 | D:15     | 24504 ||| Stepping ~*~*~tactically~*~*~ (hiding).
 24528 | D:15     | 24528 ||| Stepping ~*~*~tactically~*~*~ (stealth).
 24530 | D:15     | 24530 ||| Stepping ~*~*~tactically~*~*~ (hiding).
 24535 | D:15     | 24535 ||| INVOKING Berserk.
 24725 | D:15     | 24725 ||| SWAPPING to +0 broad axe.
 24726 | D:15     | 24726 ||| DROPPING +5 war axe of venom.
 24781 | D:15     | 24781 ||| Stepping ~*~*~tactically~*~*~ (hiding).
 24792 | D:15     | 24792 ||| Stepping ~*~*~tactically~*~*~ (hiding).
 24793 | D:15     | 24793 ||| Stepping ~*~*~tactically~*~*~ (hiding).
 24796 | D:15     | 24796 ||| INVOKING Berserk.
 24810 | D:15     | Reached ***** piety under Trog
 24824 | D:15     | 24824 ||| Stepping ~*~*~tactically~*~*~ (stealth).
 24928 | D:15     | 24928 ||| INVOKING Berserk.
 25063 | D:15     | Found a staircase to the Depths.
 25442 | D:15     | 25442 ||| Stepping ~*~*~tactically~*~*~ (stealth).
 25460 | D:15     | 25460 ||| Stepping ~*~*~tactically~*~*~ (stealth).
 25529 | D:15     | 25529 ||| Stepping ~*~*~tactically~*~*~ (hiding).
 25562 | D:15     | Found an opulent altar of Gozag.
 25579 | D:15     | 25579 ||| Stepping ~*~*~tactically~*~*~ (stealth).
 25582 | D:15     | 25582 ||| INVOKING Brothers in Arms.
 25583 | D:15     | 25583 ||| SWAPPING to +9 morningstar of Flawed Execution
                  | {flame, rN+}.
 25585 | D:15     | 25585 ||| SWAPPING to +0 broad axe.
 25586 | D:15     | 25586 ||| SWAPPING to +9 morningstar of Flawed Execution
                  | {flame, rN+}.
 25587 | D:15     | 25587 ||| INVOKING Berserk.
 25614 | D:15     | 25614 ||| SWAPPING to +0 broad axe.
 26024 | D:15     | Identified the ring of Ihin {Ice Str+2}
 26027 | D:15     | Found Keschu Iqenee's Armour Boutique.
 26040 | D:15     | 26040 ||| BUYING +1 plate armour of poison resistance (576
                  | gold).
 26040 | D:15     | Bought a +1 plate armour of poison resistance for 576 gold
                  | pieces
 26040 | D:15     | 26040 ||| SHOPLISTING +2 fire dragon scales "Sibryt" {Drain
                  | +Inv rPois rF++ rC-} (1486 gold, have 1265).
 26040 | D:15     | 26040 ||| BUYING +4 chain mail of fire resistance (567
                  | gold).
 26040 | D:15     | Bought a +4 chain mail of fire resistance for 567 gold
                  | pieces
 26052 | D:15     | 26052 ||| PLANNING ORC
 26052 | D:15     | 26052 ||| DROPPING ring of Ihin {Ice Str+2}.
 26155 | Orc:1    | Entered Level 1 of the Orcish Mines
 26193 | Orc:1    | 26193 ||| Stepping ~*~*~tactically~*~*~ (stealth).
 26196 | Orc:1    | 26196 ||| Stepping ~*~*~tactically~*~*~ (hiding).
 26296 | Orc:1    | 26296 ||| Stepping ~*~*~tactically~*~*~ (hiding).
 26299 | Orc:1    | 26299 ||| Stepping ~*~*~tactically~*~*~ (hiding).
 26323 | Orc:1    | 26323 ||| INVOKING Trog's Hand.
 26326 | Orc:1    | 26326 ||| INVOKING Berserk.
 26630 | Orc:2    | Entered Level 2 of the Orcish Mines
 26633 | Orc:2    | 26633 ||| INVOKING Berserk.
 26782 | Orc:2    | 26782 ||| INVOKING Trog's Hand.
 26785 | Orc:2    | 26785 ||| INVOKING Berserk.
 26796 | Orc:2    | 26796 ||| INVOKING Brothers in Arms.
 26935 | Orc:2    | Reached skill level 18 in Axes
 26937 | Orc:2    | Found a staircase to the Elven Halls.
 27113 | Orc:2    | 27113 ||| INVOKING Trog's Hand.
 27118 | Orc:2    | 27118 ||| INVOKING Berserk.
 27129 | Orc:2    | Reached skill level 18 in Fighting
 27135 | Orc:2    | 27135 ||| INVOKING Brothers in Arms.
 27137 | Orc:2    | 27137 ||| INVOKING Trog's Hand.
 27295 | Orc:2    | Noticed Nergalle
 27304 | Orc:2    | Killed Nergalle
 27307 | Orc:2    | Received a gift from Trog
 27313 | Orc:2    | 27313 ||| FLEEEEING.
 27314 | Orc:2    | 27314 ||| FLEEEEING.
 27315 | Orc:2    | 27315 ||| FLEEEEING.
 27316 | Orc:2    | 27316 ||| FLEEEEING.
 27317 | Orc:2    | 27317 ||| FLEEEEING.
 27318 | Orc:2    | 27318 ||| FLEEEEING.
 27319 | Orc:2    | 27319 ||| FLEEEEING.
 27320 | Orc:2    | 27320 ||| FLEEEEING.
 27321 | Orc:2    | 27321 ||| FLEEEEING.
 27322 | Orc:2    | 27322 ||| FLEEEEING.
 27323 | Orc:2    | 27323 ||| FLEEEEING.
 27324 | Orc:2    | 27324 ||| FLEEEEING.
 27325 | Orc:2    | 27325 ||| FLEEEEING.
 27326 | Orc:2    | 27326 ||| FLEEEEING.
 27327 | Orc:2    | 27327 ||| FLEEEEING.
 27328 | Orc:2    | 27328 ||| STAIRDANCE
 27391 | Orc:2    | 27391 ||| DROPPING +2 vorpal war axe.
 27410 | Orc:2    | 27410 ||| Stepping ~*~*~tactically~*~*~ (stealth).
 27411 | Orc:2    | 27411 ||| Stepping ~*~*~tactically~*~*~ (stealth).
 27418 | Orc:2    | 27418 ||| INVOKING Trog's Hand.
 27419 | Orc:2    | Found a radiant altar of Vehumet.
 27421 | Orc:2    | 27421 ||| INVOKING Berserk.
 27426 | Orc:2    | Found Teipt's Distillery.
 27437 | Orc:2    | 27437 ||| Stepping ~*~*~tactically~*~*~ (stealth).
 27438 | Orc:2    | 27438 ||| Stepping ~*~*~tactically~*~*~ (stealth).
 27556 | Orc:2    | 27556 ||| BUYING potion of curing (39 gold).
 27556 | Orc:2    | Bought a potion of curing for 39 gold pieces
 27556 | Orc:2    | 27556 ||| BUYING potion of curing (39 gold).
 27556 | Orc:2    | Bought a potion of curing for 39 gold pieces
 27556 | Orc:2    | 27556 ||| BUYING potion of curing (39 gold).
 27556 | Orc:2    | Bought a potion of curing for 39 gold pieces
 27556 | Orc:2    | 27556 ||| BUYING potion of resistance (130 gold).
 27556 | Orc:2    | Bought a potion of resistance for 130 gold pieces
 27558 | Orc:2    | Found an ancient bone altar of Kikubaaqudgha.
 27584 | Orc:2    | 27584 ||| INVOKING Trog's Hand.
 27586 | Orc:2    | Found Eni Weep's Book Boutique.
 27587 | Orc:2    | 27587 ||| INVOKING Berserk.
 27587 | Orc:2    | Found Kiunaj's Antique Armour Shop.
 27700 | Orc:2    | Found Zunin's Antique Weapon Boutique.
 27702 | Orc:2    | 27702 ||| BUYING glimmering chain mail (313 gold).
 27702 | Orc:2    | Bought a glimmering chain mail for 313 gold pieces
 27702 | Orc:2    | Identified the +4 chain mail "Timat" {rPois rC- Str-3
                  | Dex+8} (You bought it in a shop on level 2 of the Orcish
                  | Mines)
 27702 | Orc:2    | 27702 ||| SHOPLISTING shiny plate armour (858 gold, have
                  | 571).
 27711 | Orc:2    | 27711 ||| BUYING runed morningstar (196 gold).
 27711 | Orc:2    | Bought a runed morningstar for 196 gold pieces
 27711 | Orc:2    | 27711 ||| DROPPING +4 morningstar of protection.
 27957 | Orc:2    | 27957 ||| PLANNING SHOALS:1-3
 28120 | Shoals:1 | Entered Level 1 of the Shoals
 28124 | Shoals:1 | Found Kimediej's Magic Scroll Boutique.
 28128 | Shoals:1 | 28128 ||| Stepping ~*~*~tactically~*~*~ (hiding).
 28129 | Shoals:1 | 28129 ||| Stepping ~*~*~tactically~*~*~ (hiding).
 28200 | Shoals:1 | 28200 ||| BUYING scroll of brand weapon (152 gold).
 28200 | Shoals:1 | Bought a scroll of brand weapon for 152 gold pieces
 28200 | Shoals:1 | 28200 ||| BUYING scroll of enchant armour (120 gold).
 28200 | Shoals:1 | Bought a scroll of enchant armour for 120 gold pieces
 28200 | Shoals:1 | 28200 ||| BUYING scroll of teleportation (48 gold).
 28200 | Shoals:1 | Bought a scroll of teleportation for 48 gold pieces
 28200 | Shoals:1 | 28200 ||| READING scroll of brand weapon.
 28200 | Shoals:1 | 28200 ||| BRANDING +0 broad axe.
 28201 | Shoals:1 | 28201 ||| READING scroll of enchant armour.
 28201 | Shoals:1 | 28201 ||| ENCHANTING +0 pair of gloves.
 28320 | Shoals:1 | 28320 ||| Stepping ~*~*~tactically~*~*~ (hiding).
 28323 | Shoals:1 | 28323 ||| Stepping ~*~*~tactically~*~*~ (hiding).
 28326 | Shoals:1 | 28326 ||| INVOKING Berserk.
 28488 | Shoals:1 | Found Moajuonu's Gadget Gallery.
 28674 | Shoals:1 | 28674 ||| INVOKING Berserk.
 28897 | Shoals:1 | 28897 ||| Stepping ~*~*~tactically~*~*~ (hiding).
 29026 | Shoals:1 | Noticed a kraken
 29037 | Shoals:1 | Killed a kraken
 29100 | Shoals:1 | 29100 ||| INVOKING Berserk.
 29233 | Shoals:1 | 29233 ||| INVOKING Berserk.
 29532 | Shoals:1 | Noticed Mlioglotl
 29540 | Shoals:1 | Noticed a tentacled starspawn
 29540 | Shoals:1 | 29540 ||| INVOKING Berserk.
 29542 | Shoals:1 | Noticed a tentacled starspawn
 29547 | Shoals:1 | Killed Mlioglotl
 29748 | Shoals:2 | Noticed Jorgrun
 29751 | Shoals:2 | 29751 ||| INVOKING Berserk.
 29760 | Shoals:2 | Killed Jorgrun
 29761 | Shoals:2 | Reached XP level 16. HP: 157/157 MP: 15/15
 29840 | Shoals:2 | 29840 ||| Stepping ~*~*~tactically~*~*~ (hiding).
 29841 | Shoals:2 | 29841 ||| Stepping ~*~*~tactically~*~*~ (hiding).
 29843 | Shoals:2 | 29843 ||| Stepping ~*~*~tactically~*~*~ (hiding).
 29845 | Shoals:2 | 29845 ||| Stepping ~*~*~tactically~*~*~ (hiding).
 29846 | Shoals:2 | 29846 ||| Stepping ~*~*~tactically~*~*~ (hiding).
 29848 | Shoals:2 | 29848 ||| Stepping ~*~*~tactically~*~*~ (hiding).
 29864 | Shoals:2 | 29864 ||| Stepping ~*~*~tactically~*~*~ (stealth).
 29870 | Shoals:2 | 29870 ||| INVOKING Trog's Hand.
 29871 | Shoals:2 | Found a hide-covered altar of Uskayaw.
 29871 | Shoals:2 | Noticed Ilsuiw
 29886 | Shoals:2 | 29886 ||| INVOKING Trog's Hand.
 29886 | Shoals:2 | HP: 26/159 [satyr/arrow (23)]
 29887 | Shoals:2 | 29887 ||| READING 15 scrolls of teleportation.
 29888 | Shoals:2 | 29888 ||| DRINKING 2 potions of heal wounds.
 29890 | Shoals:2 | 29890 ||| DRINKING potion of heal wounds.
 29893 | Shoals:2 | Noticed Kirke
 29894 | Shoals:2 | 29894 ||| Stepping ~*~*~tactically~*~*~ (water).
 29895 | Shoals:2 | 29895 ||| INVOKING Berserk.
 29900 | Shoals:2 | Noticed Louise
 29918 | Shoals:2 | 29918 ||| INVOKING Trog's Hand.
 29919 | Shoals:2 | HP: 17/159 [Louise/bolt of lightning (32)]
 29920 | Shoals:2 | 29920 ||| READING 14 scrolls of teleportation.
 29923 | Shoals:2 | 29923 ||| READING 13 scrolls of teleportation.
 29925 | Shoals:2 | 29925 ||| Stepping ~*~*~tactically~*~*~ (water).
 29925 | Shoals:2 | HP: 29/159 [merfolk javelineer/silver javelin (1)]
 29925 | Shoals:2 | HP: 9/159 [water nymph/the raging water (20)]
 29926 | Shoals:2 | 29926 ||| READING 12 scrolls of teleportation.
 29926 | Shoals:2 | HP: 4/159 [merfolk javelineer/silver javelin (5)]
 29926 | Shoals:2 | Killed from afar by a water nymph

Levels and vault maps discovered:
D:1:      saegor_arrival_simple_c, layout_basic
D:2:      layout_loops_ring, serial_shops, shop
D:3:      layout_rooms, mainiacjoe_overflow_alcove_1,
          mainiacjoe_overflow_cross_hatched, serial_shops, nicolae_shop_stone,
          minmay_between
D:4:      layout_basic, grunt_temple_overflow_open,
          minmay_temple_entry_junction_2, grunt_ministairs_7,
          minmay_misc_feat_roman
D:5:      layout_rooms, serial_shops, shop, chequers_big_river, uniq_edmund
D:6:      layout_cave_pools
D:7:      layout_gridville, uniq_pikel, uniq_crazy_yiuf_cottage, uniq_duvessa
D:8:      layout_gridville, grunt_dithmenos_shadows, serial_shops,
          nicolae_diamond_shop, kennysheep_donut, uniq_prince_ribbit1,
          uniq_gastronok
D:9:      nicolae_cairo_tiling_very_big, layout_basic, orc_david_3
D:10:     minmay_statue_hallways, layout_small_grid
D:11:     layout_basic, lemuel_flamethrower_hall
D:12:     layout_long_grid, enter_trove_1, serial_shops, nicolae_square_shop,
          minmay_the_grid_2x2 [minmay_the_grid_doors, minmay_the_grid_rooms,
          minmay_the_grid_minigrid_medium,
          minmay_the_grid_prize_four_corners_diamond_a], uniq_sonja
D:13:     layout_basic, lightli_vaults_fourway_checkpoint, tso_metal_star,
          uniq_rupert
D:14:     layout_rooms, kennysheep_big_empty_room, nicolae_titane
D:15:     hangedman_depths_entry_try_elsewhere_first, layout_basic,
          old_standard_altar, serial_shops, shop_statue
Lair:1:   layout_long_grid, serial_bayou_shore_a
Lair:2:   layout_loops_ring, dummy_snake_entry, beast_lair_carwin_8,
          lemuel_fruit_tree
Lair:3:   layout_chaotic_city, elwin_shoals_entry_rooms,
          nicolae_lair_run_with_the_wolves
Lair:4:   layout_small_grid, uniq_snorg, uniq_josephine
Lair:5:   wormcave, layout_big_grid, hangedman_lair_in_review,
          dpeg_slime_entry_enclosed, nicolae_lair_grazing_beasts
          [nicolae_sub_lair_graze_edge, nicolae_sub_lair_graze_edge,
          nicolae_sub_lair_graze_edge, nicolae_sub_lair_graze_edge]
Shoals:1: layout_shoals, serial_shops, nicolae_square_shop,
          nicolae_shop_gadgets, uniq_mlioglotl
Shoals:2: layout_shoals, regret_index_shoals_crete, uniq_kirke, uniq_louise,
          uniq_jorgrun, uniq_ilsuiw
Orc:1:    layout_caves
Orc:2:    kennysheep_orc_mage_school, layout_caves, mines2_david

Skill      XL: |  1  2  3  4  5  6  7  8  9 10 11 12 13 14 15 |
---------------+----------------------------------------------+-----
Axes           | 4 5 6 7 9 10 12 13 15 16 18 | 18.0
Throwing       | 1 2 5 7 |  7.0
Fighting       | 4 5 7 9 11 14 16 17 18 | 18.8
Armour         | 3 4 5 6 9 10 12 16 17 | 17.0
Shields        | 7 9 10 11 | 11.0
Dodging        | 3 4 6 7 9 10 | 10.0

Action                   |  1- 3 |  4- 6 |  7- 9 | 10-12 | 13-15 | 16-18 || total
-------------------------+-------+-------+-------+-------+-------+-------++-------
Melee: Hand axe          |    60 |    13 |       |       |       |       ||    73
       Headbutt          |     8 |     7 |    18 |    78 |   236 |     9 ||   356
       War axe           |       |    45 |    90 |   311 |   495 |       ||   941
       Morningstar       |       |       |       |     4 |    28 |       ||    32
       Broad axe         |       |       |       |       |   332 |    47 ||   379
Throw: Javelin           |    13 |    41 |    13 |    34 |    24 |       ||   125
       Boomerang         |       |       |    20 |    48 |   128 |     1 ||   197
Invok: Berserk           |       |     4 |     7 |    22 |    43 |     1 ||    77
       Brothers in Arms  |       |       |       |     1 |     7 |       ||     8
       Trog's Hand       |       |       |       |       |     8 |     3 ||    11
  Use: Scroll            |     4 |     6 |     9 |     8 |    10 |     4 ||    41
       Potion            |       |     1 |     1 |     1 |       |     2 ||     5
 Stab: Petrified         |       |       |       |       |     8 |       ||     8
Armor: Animal skin       |     6 |       |       |       |       |       ||     6
       Ring mail         |     3 |     6 |       |       |       |       ||     9
       Chain mail        |       |     8 |    22 |    84 |   112 |       ||   226
       Plate armour      |       |       |       |       |   251 |    30 ||   281
Dodge: Dodged            |    32 |    31 |    23 |   117 |   363 |    50 ||   616
Block: Buckler           |       |       |     4 |    84 |   290 |    26 ||   404

Table legend:
 A = Non-vault XP
 B = Vault XP
 C = Vault XP percentage of total XP
 D = Non-vault monster count
 E = Vault monster count
 F = Vault count percentage of total count
                 A         B        C        D         E       F
            +---------+---------+-------+---------+---------+-------
      Total |   93830 |   68589 |  42.2 |     453 |     183 |  28.8
            +---------+---------+-------+---------+---------+-------
        D:1 |      41 |       0 |   0.0 |      26 |       0 |   0.0
        D:2 |      59 |       0 |   0.0 |      15 |       0 |   0.0
        D:3 |     133 |      67 |  33.5 |      24 |       7 |  22.6
        D:4 |     398 |       1 |   0.3 |      22 |       1 |   4.3
        D:5 |     385 |     178 |  31.6 |      17 |       1 |   5.6
        D:6 |     402 |       0 |   0.0 |      11 |       0 |   0.0
        D:7 |     675 |     862 |  56.1 |      10 |       3 |  23.1
        D:8 |    1095 |    1842 |  62.7 |      20 |       3 |  13.0
        D:9 |     721 |      12 |   1.6 |      13 |       4 |  23.5
       D:10 |     596 |     602 |  50.3 |       9 |       1 |  10.0
       D:11 |    4995 |       0 |   0.0 |      16 |       0 |   0.0
       D:12 |    8210 |   10056 |  55.1 |      22 |      22 |  50.0
       D:13 |    4928 |    9145 |  65.0 |      13 |      13 |  50.0
       D:14 |    8410 |       0 |   0.0 |      16 |       0 |   0.0
       D:15 |   12108 |    2231 |  15.6 |      33 |       3 |   8.3
     Lair:1 |    5404 |       0 |   0.0 |      23 |       0 |   0.0
     Lair:2 |    2629 |    3073 |  53.9 |      11 |       9 |  45.0
     Lair:3 |    4285 |    1411 |  24.8 |      14 |       8 |  36.4
     Lair:4 |    3906 |    2847 |  42.2 |      15 |       7 |  31.8
     Lair:5 |   14422 |   20160 |  58.3 |      34 |      47 |  58.0
   Shoals:1 |   11616 |    1898 |  14.0 |      21 |       1 |   4.5
   Shoals:2 |    2648 |    6833 |  72.1 |       7 |      13 |  65.0
      Orc:1 |    1995 |       0 |   0.0 |      19 |       0 |   0.0
      Orc:2 |    3769 |    7371 |  66.2 |      42 |      40 |  48.8
            +---------+---------+-------+---------+---------+-------
